General information
- name: BNet
- type: Ladder team game (AT/RT)
- host: Battle.net
- saver: Ze.Rath3isaFaig
map: GoldRush
- players: 8
- length: 28:40
- speed: Fast
- version: 1.23 W3XP
- replay type: Public
» download(214 KB)
Players
team 1 (winner)
Ze.Rath3isaFaig (
yellow | 72 APM | 2073 actions | 28:40)
8 Death Knight
3 Death Coil
3 Unholy Aura
1 Animate Dead
1 Death Pact
7 Lich
3 Frost Nova
3 Frost Armor
1 Death and Decay
» actions
| Assign group hotkey | 27 | |
| Basic commands | 414 | |
| Build / train | 80 | |
| ESC pressed | 1 | |
| Enter build submenu | 22 | |
| Enter hero's abilities submenu | 15 | |
| Give item / drop item | 5 | |
| Right click | 591 | |
| Select / deselect | 426 | |
| Select group hotkey | 377 | |
| Use ability | 115 | |
2073 total
» units
| Acolyte | 9 | |
| Ghoul | 3 | |
| Crypt Fiend | 14 | |
| Frost Wyrm | 5 | |
| Obsidian Statue | 1 | |
32 total
» upgrades
| Creature Attack | 3 | |
| Creature Carapace | 2 | |
| Web | 1 | |
6 total
» buildings
| Graveyard | 1 | |
| Crypt | 1 | |
| Ziggurat | 5 | |
| Altar of Darkness | 1 | |
| Tomb of Relics | 1 | |
| Nerubian Tower | 1 | |
| Halls of the Dead | 1 | |
| Necropolis | 1 | |
| Black Citadel | 1 | |
| Sacrificial Pit | 1 | |
| Boneyard | 4 | |
| Spirit Tower | 1 | |
| Slaughterhouse | 1 | |
20 total
» build order
00:26 Graveyard
00:47 Crypt
00:51 Ziggurat
01:23 Altar of Darkness
01:25 Ziggurat
01:53 Tomb of Relics
02:19 Nerubian Tower
03:03 Ziggurat
04:21 Halls of the Dead
06:00 Necropolis
07:32 Black Citadel
09:49 Sacrificial Pit
11:26 Boneyard
11:27 Boneyard
12:22 Ziggurat
15:09 Spirit Tower
15:47 Boneyard
15:48 Boneyard
16:44 Ziggurat
16:47 Slaughterhouse
» items
| Rod of Necromancy | 2 | |
| Orb of Corruption | 1 | |
| Potion of Healing | 3 | |
| Potion of Lesser Invulnerability | 2 | |
| Scroll of Healing | 5 | |
| Scroll of Town Portal | 2 | |
| Scroll of Protection | 3 | |
18 total
chaosknight2 (
red | 46 APM | 1329 actions | 28:38)
8 Death Knight
3 Death Coil
3 Death Pact
1 Animate Dead
1 Unholy Aura
3 Lich
2 Frost Nova
1 Dark Ritual
» actions
| Basic commands | 135 | |
| Build / train | 66 | |
| Enter build submenu | 15 | |
| Enter hero's abilities submenu | 11 | |
| Remove unit from queue | 3 | |
| Right click | 745 | |
| Select / deselect | 295 | |
| Use ability | 59 | |
1329 total
» units
| Acolyte | 7 | |
| Ghoul | 2 | |
| Crypt Fiend | 17 | |
| Obsidian Statue | 5 | |
| Abomination | 5 | |
36 total
» upgrades
| Creature Attack | 2 | |
| Creature Carapace | 1 | |
| Unholy Armor | 1 | |
| Unholy Strength | 1 | |
| Destroyer Form | 1 | |
| Web | 1 | |
| Disease Cloud | 1 | |
8 total
» buildings
| Graveyard | 1 | |
| Crypt | 1 | |
| Ziggurat | 6 | |
| Altar of Darkness | 1 | |
| Nerubian Tower | 1 | |
| Tomb of Relics | 1 | |
| Halls of the Dead | 1 | |
| Slaughterhouse | 2 | |
| Spirit Tower | 1 | |
| Black Citadel | 1 | |
| Necropolis | 1 | |
17 total
» build order
00:11 Graveyard
00:23 Crypt
00:41 Ziggurat
01:03 Altar of Darkness
01:17 Ziggurat
02:16 Nerubian Tower
02:47 Tomb of Relics
04:01 Ziggurat
06:03 Halls of the Dead
06:39 Ziggurat
09:07 Slaughterhouse
09:11 Slaughterhouse
09:17 Ziggurat
09:19 Spirit Tower
10:31 Black Citadel
17:43 Ziggurat
18:45 Necropolis
» items
| Rod of Necromancy | 1 | |
| Scroll of Town Portal | 1 | |
2 total
G.o.Tmilk (
teal | 36 APM | 1032 actions | 28:38)
7 Death Knight
3 Death Coil
3 Unholy Aura
1 Animate Dead
» actions
| Basic commands | 10 | |
| Build / train | 61 | |
| ESC pressed | 1 | |
| Enter build submenu | 21 | |
| Enter hero's abilities submenu | 7 | |
| Right click | 642 | |
| Select / deselect | 239 | |
| Use ability | 51 | |
1032 total
» units
| Acolyte | 9 | |
| Ghoul | 3 | |
| Crypt Fiend | 15 | |
| Frost Wyrm | 7 | |
34 total
» upgrades
| Burrow | 1 | |
| Web | 1 | |
| Creature Attack | 3 | |
| Creature Carapace | 3 | |
8 total
» buildings
| Ziggurat | 11 | |
| Altar of Darkness | 2 | |
| Crypt | 2 | |
| Graveyard | 1 | |
| Tomb of Relics | 1 | |
| Nerubian Tower | 1 | |
| Halls of the Dead | 2 | |
| Sacrificial Pit | 1 | |
| Spirit Tower | 1 | |
| Black Citadel | 2 | |
| Boneyard | 3 | |
| Necropolis | 1 | |
28 total
» build order
00:11 Ziggurat
00:14 Altar of Darkness
00:17 Altar of Darkness
00:38 Crypt
01:03 Graveyard
01:15 Tomb of Relics
01:34 Ziggurat
02:18 Nerubian Tower
03:36 Ziggurat
05:11 Halls of the Dead
07:35 Ziggurat
07:36 Ziggurat
09:16 Sacrificial Pit
10:49 Spirit Tower
12:22 Black Citadel
12:28 Ziggurat
12:31 Ziggurat
12:34 Ziggurat
15:10 Boneyard
15:10 Boneyard
15:12 Boneyard
17:38 Ziggurat
17:41 Ziggurat
17:42 Ziggurat
19:15 Crypt
19:18 Necropolis
21:13 Halls of the Dead
23:48 Black Citadel
» items
| Rod of Necromancy | 1 | |
| Scroll of Town Portal | 3 | |
| Orb of Corruption | 1 | |
5 total
X_MeN (
orange | 63 APM | 1806 actions | 28:38)
7 Priestess of the Moon
3 Trueshot Aura
3 Searing Arrows
1 Starfall
» actions
| Assign group hotkey | 42 | |
| Basic commands | 21 | |
| Build / train | 107 | |
| Enter build submenu | 18 | |
| Enter hero's abilities submenu | 8 | |
| Remove unit from queue | 2 | |
| Right click | 1108 | |
| Select / deselect | 354 | |
| Select group hotkey | 116 | |
| Use ability | 30 | |
1806 total
» units
| Wisp | 16 | |
| Archer | 16 | |
| Huntress | 7 | |
| Druid of the Talon | 5 | |
| Hippogryph | 24 | |
| Dryad | 11 | |
79 total
» upgrades
| Moon Armor | 2 | |
| Strength of the Moon | 2 | |
| Ultravision | 1 | |
| Improved Bows | 1 | |
| Hippogryph Taming | 1 | |
| Druid of the Talon Training | 2 | |
| Abolish Magic | 1 | |
| Strength of the Wild | 2 | |
| Reinforced Hides | 2 | |
14 total
» buildings
| Altar of Elders | 1 | |
| Moon Well | 7 | |
| Ancient of War | 1 | |
| Hunter's Hall | 1 | |
| Tree of Ages | 2 | |
| Ancient of Wonders | 1 | |
| Ancient of Wind | 3 | |
| Ancient of Lore | 1 | |
| Tree of Eternity | 1 | |
| Tree of Life | 1 | |
19 total
» build order
00:25 Altar of Elders
00:41 Moon Well
01:32 Ancient of War
01:45 Moon Well
02:48 Moon Well
03:15 Moon Well
04:17 Moon Well
04:29 Hunter's Hall
07:13 Tree of Ages
07:50 Tree of Ages
09:16 Moon Well
10:06 Ancient of Wonders
11:02 Ancient of Wind
11:03 Ancient of Wind
11:07 Ancient of Wind
12:20 Ancient of Lore
12:37 Moon Well
15:34 Tree of Eternity
17:46 Tree of Life
» items
team 2 (loser)

»
BRRJ_meTal (
pink | 112 APM | 3203 actions | 28:31)
6 Death Knight
3 Death Coil
1 Unholy Aura
1 Death Pact
1 Animate Dead
4 Lich
2 Frost Nova
2 Dark Ritual
» actions
| Assign group hotkey | 122 | |
| Basic commands | 30 | |
| Build / train | 100 | |
| Enter build submenu | 31 | |
| Enter hero's abilities submenu | 10 | |
| Give item / drop item | 3 | |
| Right click | 1009 | |
| Select / deselect | 501 | |
| Select group hotkey | 1291 | |
| Use ability | 106 | |
3203 total
» units
| Acolyte | 13 | |
| Ghoul | 4 | |
| Crypt Fiend | 15 | |
| Obsidian Statue | 2 | |
| Frost Wyrm | 8 | |
| Gargoyle | 10 | |
52 total
» upgrades
| Creature Attack | 3 | |
| Burrow | 1 | |
| Creature Carapace | 2 | |
| Web | 1 | |
| Destroyer Form | 1 | |
| Freezing Breath | 1 | |
9 total
» buildings
| Crypt | 2 | |
| Graveyard | 1 | |
| Altar of Darkness | 1 | |
| Ziggurat | 8 | |
| Tomb of Relics | 1 | |
| Nerubian Tower | 2 | |
| Halls of the Dead | 2 | |
| Black Citadel | 1 | |
| Necropolis | 1 | |
| Sacrificial Pit | 1 | |
| Boneyard | 2 | |
| Slaughterhouse | 1 | |
| Spirit Tower | 4 | |
27 total
» build order
00:09 Crypt
00:15 Graveyard
00:43 Altar of Darkness
00:59 Ziggurat
01:26 Tomb of Relics
02:07 Ziggurat
02:34 Nerubian Tower
02:35 Nerubian Tower
04:34 Ziggurat
05:21 Halls of the Dead
06:25 Ziggurat
07:50 Crypt
09:08 Black Citadel
09:49 Necropolis
09:57 Sacrificial Pit
10:46 Ziggurat
12:05 Boneyard
12:09 Slaughterhouse
13:23 Ziggurat
14:29 Boneyard
17:06 Ziggurat
17:08 Ziggurat
23:31 Spirit Tower
23:32 Spirit Tower
23:33 Spirit Tower
23:48 Spirit Tower
» items
| Rod of Necromancy | 2 | |
| Potion of Healing | 4 | |
| Scroll of Town Portal | 5 | |
| Orb of Corruption | 1 | |
| Scroll of Protection | 2 | |
| Scroll of Healing | 4 | |
18 total
am870910 (
blue | 57 APM | 1611 actions | 28:26)
7 Archmage
3 Summon Water Elemental
3 Brilliance Aura
1 Mass Teleport
» actions
| Assign group hotkey | 75 | |
| Basic commands | 10 | |
| Build / train | 71 | |
| Enter build submenu | 22 | |
| Enter hero's abilities submenu | 7 | |
| Right click | 551 | |
| Select / deselect | 307 | |
| Select group hotkey | 484 | |
| Use ability | 84 | |
1611 total
» units
| Peasant | 12 | |
| Footman | 9 | |
| Gryphon Rider | 11 | |
| Dragonhawk Rider | 5 | |
37 total
» upgrades
| Lumber Harvesting | 1 | |
| Storm Hammers | 1 | |
| Masonry | 2 | |
| Swords | 2 | |
| Armor | 2 | |
8 total
» buildings
| Altar of Kings | 1 | |
| Barracks | 1 | |
| Farm | 10 | |
| Keep | 3 | |
| Town Hall | 2 | |
| Lumber Mill | 1 | |
| Castle | 1 | |
| Gryphon Aviary | 3 | |
| Blacksmith | 1 | |
| Arcane Vault | 1 | |
24 total
» build order
00:17 Altar of Kings
00:23 Barracks
00:39 Farm
01:18 Farm
01:54 Farm
02:34 Farm
03:11 Keep
03:12 Keep
04:10 Town Hall
04:15 Lumber Mill
05:37 Castle
06:07 Gryphon Aviary
06:11 Blacksmith
07:32 Gryphon Aviary
07:33 Gryphon Aviary
12:17 Farm
12:19 Farm
13:07 Farm
13:07 Farm
15:40 Arcane Vault
15:41 Farm
17:04 Farm
25:52 Town Hall
» items
| Scroll of Regeneration | 1 | |
| Scroll of Town Portal | 3 | |
| Periapt of Vitality | 2 | |
| Potion of Lesser Invulnerability | 2 | |
| Potion of Healing | 3 | |
| Scroll of Protection | 1 | |
| Potion of Mana | 1 | |
13 total
Risen_From_Ash (
green | 42 APM | 1192 actions | 28:34)
6 Blood Mage
3 Flame Strike
2 Siphon Mana
1 Summon Phoenix
3 Paladin
2 Holy Light
1 Divine Shield
» actions
| Assign group hotkey | 12 | |
| Basic commands | 13 | |
| Build / train | 98 | |
| Enter build submenu | 25 | |
| Enter hero's abilities submenu | 9 | |
| Right click | 493 | |
| Select / deselect | 420 | |
| Select group hotkey | 23 | |
| Use ability | 97 | |
1192 total
» units
| Peasant | 23 | |
| Footman | 17 | |
| Rifleman | 1 | |
| Knight | 11 | |
| Priest | 3 | |
55 total
» upgrades
| Lumber Harvesting | 1 | |
| Defend | 1 | |
| Swords | 3 | |
| Plating | 4 | |
| Animal War Training | 1 | |
| Sorceress Training | 1 | |
| Priest Training | 2 | |
| Magic Sentry | 1 | |
| Masonry | 1 | |
15 total
» buildings
| Altar of Kings | 1 | |
| Farm | 10 | |
| Barracks | 2 | |
| Lumber Mill | 1 | |
| Keep | 2 | |
| Arcane Vault | 1 | |
| Blacksmith | 1 | |
| Scout Tower | 2 | |
| Town Hall | 2 | |
| Guard Tower | 2 | |
| Castle | 2 | |
| Arcane Sanctum | 2 | |
28 total
» build order
00:23 Altar of Kings
00:28 Farm
00:37 Barracks
01:04 Farm
01:56 Barracks
02:01 Lumber Mill
03:03 Farm
03:41 Farm
03:49 Keep
03:49 Keep
04:03 Arcane Vault
04:09 Blacksmith
04:23 Farm
05:39 Scout Tower
05:48 Town Hall
06:23 Scout Tower
09:53 Guard Tower
13:03 Castle
13:03 Castle
17:08 Arcane Sanctum
17:20 Arcane Sanctum
19:31 Farm
20:28 Farm
20:55 Guard Tower
21:18 Farm
24:44 Farm
25:26 Farm
25:52 Town Hall
» items
| Scroll of Regeneration | 2 | |
| Lesser Clarity Potion | 1 | |
| Ivory Tower | 2 | |
| Scroll of Town Portal | 2 | |
| Potion of Healing | 1 | |
| Orb of Fire | 2 | |
| Potion of Mana | 1 | |
11 total

»
T.O.M.16 (
purple | 31 APM | 891 actions | 28:37)
5 Archmage
3 Summon Water Elemental
1 Blizzard
1 Brilliance Aura
» actions
| Build / train | 78 | |
| Enter build submenu | 37 | |
| Enter hero's abilities submenu | 5 | |
| Right click | 363 | |
| Select / deselect | 340 | |
| Use ability | 68 | |
891 total
» units
| Peasant | 14 | |
| Rifleman | 19 | |
| Mortar Team | 13 | |
| Sorceress | 4 | |
| Siege Engine | 5 | |
55 total
» upgrades
| Lumber Harvesting | 1 | |
| Long Rifles | 1 | |
| Fragmentation Shards | 1 | |
| Sorceress Training | 1 | |
| Gunpowder | 1 | |
| Armor | 1 | |
| Barrage | 1 | |
| Flare | 1 | |
8 total
» buildings
| Altar of Kings | 2 | |
| Farm | 12 | |
| Blacksmith | 1 | |
| Scout Tower | 4 | |
| Barracks | 1 | |
| Lumber Mill | 1 | |
| Keep | 1 | |
| Arcane Tower | 2 | |
| Town Hall | 3 | |
| Workshop | 2 | |
| Arcane Vault | 1 | |
| Castle | 1 | |
| Arcane Sanctum | 1 | |
| Guard Tower | 2 | |
34 total
» build order
00:08 Altar of Kings
00:15 Farm
00:36 Blacksmith
00:58 Farm
01:48 Scout Tower
02:07 Barracks
02:21 Scout Tower
02:52 Farm
03:15 Lumber Mill
03:35 Keep
04:09 Arcane Tower
04:30 Arcane Tower
05:09 Farm
06:02 Town Hall
06:34 Farm
07:46 Workshop
09:01 Workshop
09:08 Farm
09:26 Arcane Vault
09:48 Farm
10:29 Castle
11:52 Arcane Sanctum
13:08 Farm
13:09 Farm
13:56 Farm
15:17 Farm
16:54 Scout Tower
19:48 Guard Tower
19:53 Scout Tower
22:16 Guard Tower
24:12 Altar of Kings
25:55 Town Hall
26:31 Town Hall
28:30 Farm
» items
| Potion of Healing | 2 | |
| Scroll of Town Portal | 1 | |
3 total
Chat log
(00:04 / Allies) Ze.Rath3isaFaig: i take
(00:12 / Allies) X_MeN: take?
(00:14 / Allies) chaosknight2: guess hes alright
(00:15 / Allies) X_MeN: waht
(00:17 / Allies) Ze.Rath3isaFaig: thought you were going to drop
(00:22 / Allies) G.o.Tmilk: rush?
(00:28 / Allies) Ze.Rath3isaFaig: yes, mas rush
(00:29 / Allies) X_MeN: ya
(00:29 / Allies) chaosknight2: sure idc
(00:32 / Allies) chaosknight2: fiends dk
(00:36 / Allies) G.o.Tmilk: same
(00:39 / Allies) Ze.Rath3isaFaig: ornage go potm if you can, since we're all range
(00:44 / Allies) chaosknight2: yep
(00:59 / All) am870910: i feel good
(01:01 / Allies) X_MeN: get rods guys
(01:05 / Allies) chaosknight2: yep
(01:19 / Allies) Ze.Rath3isaFaig: once mines are cleared we meet and go there
(01:23 / Allies) chaosknight2: kk
(02:11 / Allies) Ze.Rath3isaFaig: ice tower please
(02:33 / Allies) X_MeN: fuck
(02:37 / Allies) X_MeN: i'm lagging?
(02:40 / Allies) chaosknight2: eas
(02:41 / Allies) chaosknight2: yea
(02:41 / Allies) Ze.Rath3isaFaig: ueaj
(02:47 / Allies) Ze.Rath3isaFaig: orange
(02:49 / Allies) Ze.Rath3isaFaig: go dual aows
(02:58 / Allies) Ze.Rath3isaFaig: you massing hunts or archers?
(03:03 / Allies) X_MeN: archers
(03:07 / Allies) Ze.Rath3isaFaig: k
(03:52 / Allies) Ze.Rath3isaFaig: teal, don't spread your base so much man, the tighter it is the better
(04:37 / Allies) chaosknight2: kk
(05:30 / Allies) chaosknight2: mass foots
(05:40 / Allies) Ze.Rath3isaFaig: we may go here
(05:46 / Allies) Ze.Rath3isaFaig: from behind would be easy
(05:53 / Allies) Ze.Rath3isaFaig: ornage take agility
(05:56 / Allies) Ze.Rath3isaFaig: nm....
(05:57 / Allies) chaosknight2: sry
(05:58 / Allies) chaosknight2: lol
(06:15 / Allies) chaosknight2: goi before he has defend
(06:16 / Allies) Ze.Rath3isaFaig: go
(06:24 / Allies) Ze.Rath3isaFaig: keep each other coiled
(06:53 / Allies) Ze.Rath3isaFaig: use rods
(07:13 / All) am870910: wtf
(07:15 / Allies) G.o.Tmilk: cooil my hero
(07:54 / Allies) chaosknight2: no more coils
(08:52 / Allies) Ze.Rath3isaFaig: regroup
(09:40 / Allies) Ze.Rath3isaFaig: out regoup
(10:03 / Allies) Ze.Rath3isaFaig: get the tower if you can
(10:09 / Allies) chaosknight2: trying
(10:19 / Allies) Ze.Rath3isaFaig: meet com eorange
(10:35 / Allies) Ze.Rath3isaFaig: back side again
(10:36 / Allies) Ze.Rath3isaFaig: meet here
(10:39 / Allies) chaosknight2: stats coming
(10:48 / Allies) Ze.Rath3isaFaig: don't go yet
(10:49 / Allies) Ze.Rath3isaFaig: we hit green first
(10:51 / Allies) Ze.Rath3isaFaig: don't tp
(11:03 / Allies) Ze.Rath3isaFaig: wait fo rme
(11:13 / Allies) Ze.Rath3isaFaig: go now
(11:14 / Allies) Ze.Rath3isaFaig: go
(11:49 / Allies) Ze.Rath3isaFaig: out now
(11:50 / Allies) Ze.Rath3isaFaig: get out
(11:53 / Allies) Ze.Rath3isaFaig: tp out
(11:54 / Allies) Ze.Rath3isaFaig: we have nothing
(12:01 / Allies) Ze.Rath3isaFaig: we need units from you
(12:05 / Allies) Ze.Rath3isaFaig: dryads hyps something..
(12:35 / Allies) Ze.Rath3isaFaig: any lumber?
(12:38 / Allies) chaosknight2: some gold yellow?
(12:42 / Allies) chaosknight2: oj has a lot of wood
(12:43 / Allies) Ze.Rath3isaFaig: lumber me thank you
(12:59 / Allies) Ze.Rath3isaFaig: expo orange
(13:03 / Allies) chaosknight2: pumping aboms
(13:04 / Allies) X_MeN: ya
(13:06 / Allies) X_MeN: going
(13:08 / Allies) Ze.Rath3isaFaig: need a lot of hyps orange
(13:18 / Allies) X_MeN: hyps?
(13:24 / Allies) Ze.Rath3isaFaig: hypporgraphs
(13:29 / Allies) X_MeN: k
(13:34 / Allies) Ze.Rath3isaFaig: fuck tp now
(13:52 / Allies) chaosknight2: coil meeee
(14:04 / Allies) Ze.Rath3isaFaig: wow tp
(14:24 / Allies) chaosknight2: coil meeee
(14:27 / Allies) G.o.Tmilk: oom
(14:27 / Allies) Ze.Rath3isaFaig: god you fucking suck orange
(14:37 / Allies) Ze.Rath3isaFaig: tjhat's game we just lost
(14:47 / Allies) Ze.Rath3isaFaig: orange fucking sucks
(15:56 / Allies) G.o.Tmilk: wood plz
(16:06 / Allies) G.o.Tmilk: ty
(16:38 / Allies) chaosknight2: gj
(16:53 / Allies) Ze.Rath3isaFaig: mass hyps
(16:54 / Allies) Ze.Rath3isaFaig: not dots...
(17:01 / Allies) Ze.Rath3isaFaig: all blue is doing is just massing air
(17:05 / Allies) X_MeN: they got fiends
(17:11 / Allies) Ze.Rath3isaFaig: trust me
(17:13 / Allies) chaosknight2: hes massing wyrms
(17:15 / Allies) X_MeN: ki
(17:16 / Allies) Ze.Rath3isaFaig: pink is massing wyrms now
(17:19 / Allies) Ze.Rath3isaFaig: lumber me again
(17:34 / Allies) Ze.Rath3isaFaig: keep massying please
(17:37 / Allies) X_MeN: 200 gold plz
(18:03 / Allies) Ze.Rath3isaFaig: get a tp ornage
(18:03 / Allies) chaosknight2: expoing
(18:05 / Allies) chaosknight2: at the top
(18:32 / Allies) Ze.Rath3isaFaig: all tp now
(18:35 / Allies) chaosknight2: omw
(18:37 / Allies) X_MeN: gold
(18:39 / Allies) X_MeN: plz
(18:41 / Allies) X_MeN: for tp
(18:47 / Allies) Ze.Rath3isaFaig: TP NOW
(18:57 / Allies) Ze.Rath3isaFaig: wow nm
(18:58 / Allies) X_MeN: not enough
(19:06 / Allies) Ze.Rath3isaFaig: red no
(19:07 / Allies) Ze.Rath3isaFaig: get out
(19:08 / Allies) chaosknight2: im here
(19:08 / Allies) chaosknight2: k
(19:18 / All) am870910: back red
(19:20 / Allies) Ze.Rath3isaFaig: meet now
(19:32 / Allies) G.o.Tmilk: my base got nuked
(19:33 / Allies) Ze.Rath3isaFaig: come
(19:36 / Allies) Ze.Rath3isaFaig: you're fine
(19:40 / Allies) Ze.Rath3isaFaig: purple lost a lot meet at ornag enow
(19:41 / Allies) Ze.Rath3isaFaig: lets go
(19:51 / Allies) Ze.Rath3isaFaig: move ornage elt sog
(20:00 / Allies) Ze.Rath3isaFaig: he's so slow i sewar to god
(20:09 / Allies) Ze.Rath3isaFaig: awesome now i lose everything...
(20:19 / Allies) Ze.Rath3isaFaig: just leave ornage and let me control you
(20:23 / Allies) Ze.Rath3isaFaig: you're still sitting int he same fucking spot
(20:43 / Allies) Ze.Rath3isaFaig: go we hit now
(20:56 / Allies) Ze.Rath3isaFaig: get tp s we tp here
(21:10 / Allies) chaosknight2: need 150
(21:11 / Allies) Ze.Rath3isaFaig: GO
(21:17 / Allies) chaosknight2: nvm
(21:19 / Allies) Ze.Rath3isaFaig: ORANGE
(21:22 / Allies) Ze.Rath3isaFaig: BUY A FUCKING TP
(21:30 / Allies) Ze.Rath3isaFaig: fuck it jsut og
(21:41 / Allies) Ze.Rath3isaFaig: gogog
(22:37 / All) Ze.Rath3isaFaig: how does that feel pink
(22:43 / All) BRRJ_meTal: ?
(22:43 / All) Ze.Rath3isaFaig: all of that effort and you still lose....
(23:05 / All) BRRJ_meTal: im not quitin
(23:12 / Allies) Ze.Rath3isaFaig: keep massing
(23:39 / Allies) X_MeN: expo red
(23:42 / Allies) chaosknight2: am
(24:10 / Allies) Ze.Rath3isaFaig: check next and keep massing
(24:13 / Allies) chaosknight2: yup
(24:45 / Allies) Ze.Rath3isaFaig: stay close together
(24:54 / Allies) Ze.Rath3isaFaig: bring
(25:35 / Allies) Ze.Rath3isaFaig: gather
(25:41 / Allies) Ze.Rath3isaFaig: just a fuck load of hyps orange
(25:44 / Allies) Ze.Rath3isaFaig: we need a shit load
(25:48 / Allies) Ze.Rath3isaFaig: gather
(26:02 / Allies) Ze.Rath3isaFaig: meet i need scrolls beofre our next fight
(26:16 / Allies) Ze.Rath3isaFaig: we fight at blue I think not pink
(26:37 / Allies) chaosknight2: come telal
(26:39 / Allies) chaosknight2: stay together
(26:41 / Allies) chaosknight2: dont be alone
(26:50 / Allies) Ze.Rath3isaFaig: meet
(27:10 / Allies) Ze.Rath3isaFaig: god damn creep
(27:13 / Allies) Ze.Rath3isaFaig: here
(27:25 / Allies) Ze.Rath3isaFaig: gather
(28:09 / All) Ze.Rath3isaFaig: well gg boys
(28:32 / All) Ze.Rath3isaFaig: you tried your little heart out pink
(28:35 / Allies) chaosknight2: nice job zerath
(28:36 / Allies) chaosknight2: thanks